 Dungeon Crawl Stone Soup version 0.31-a0-167-g1c394c0614 (webtiles) character file.

Game seed: 8304102187827548192

5504 qw the Cleaver (level 10, -3/64 HPs)
             Began as a Gargoyle Fighter on June 14, 2023.
             Was an Initiate of Okawaru.
             Slain by a cane toad (16 damage)
             ... on level 1 of the Lair of Beasts.
             The game lasted 00:04:38 (7811 turns).

qw the Cleaver (Gargoyle Fighter)                   Turns: 7811, Time: 00:04:39

Health: -3/64      AC: 27    Str: 24    XL:     10   Next: 70%
Magic:  12/12      EV:  7    Int:  9    God:    Okawaru [......]
Gold:   435        SH:  9    Dex:  9    Spells: 9/9 levels left

rFire   . . .        Y - +2 war axe
rCold   . . .        c - +0 buckler
rNeg    + . .        o - +0 plate armour
rPois   inf          (no helmet)
rElec   +            s - +0 cloak
rCorr   .            l - +2 pair of gloves
SInv    .            h - +1 pair of boots
Will    .....        r - amulet of reflection Stlth
                     (no ring)
HPRegen 0.30/turn    (no ring)
MPRegen 0.13/turn

%: reflection
@: about to teleport
A: sickness immunity, AC +7, negative energy resistance 1, electricity
resistance, torment resistance 1, petrification resistance
a: Renounce Religion


You were on level 1 of the Lair of Beasts.
You worshipped Okawaru.
Okawaru was noncommittal.
You visited 3 branches of the dungeon, and saw 10 of its levels.
You also visited: Ossuary.

You collected 519 gold pieces.
You spent 84 gold pieces at shops.


Innate Abilities, Weirdness & Mutations

You are immune to sickness and miasma.
Your stone body is resilient. (AC +7)
You are immune to poison.
You resist negative energy. (rN+)
You are resistant to electric shocks. (rElec)
You are resistant to unholy torment.
You are immune to petrification.


   Skills:
 - Level 8.0 Fighting
 + Level 10.5 Axes
 - Level 2.0 Throwing
 - Level 7.3 Armour
 - Level 1.4 Dodging
 - Level 5.0 Shields
 - Level 3.7 Invocations


You had 9 spell levels left.
You didn't know any spells.
Your spell library was empty.

Inventory:

Hand Weapons
 p - a +0 flail
 v - a +2 flail of draining
 Y - a +2 war axe (weapon)
Missiles
 n - 2 boomerangs (quivered)
Armour
 c - a +0 buckler (worn)
 h - a +1 pair of boots (worn)
 l - a +2 pair of gloves (worn)
 o - a +0 plate armour (worn)
 s - a +0 cloak (worn)
Jewellery
 b - a ring of fire
 r - an amulet of reflection (around neck)
Wands
 u - a wand of digging (4)
Scrolls
 a - a scroll of teleportation
 m - 3 scrolls of identify
Potions
 d - 4 potions of might
 e - a potion of magic
 g - a potion of cancellation
 i - a potion of haste
 j - a potion of attraction
 k - 5 potions of curing
 q - a potion of mutation
 t - a potion of resistance

Dungeon Overview and Level Annotations

Branches:
Dungeon (8/15)             Temple (1/1) D:7            Lair (1/5) D:8
Ossuary (visited)

Altars:
Ashenzari
Cheibriados
Dithmenos
Elyvilon
Gozag
Hepliaklqana
Kikubaaqudgha
Nemelex Xobeh
Okawaru
Qazlal
Ru
Sif Muna
Trog
Uskayaw
Vehumet
Wu Jian
Xom
Yredelemnul
Zin
The Shining One

Shops:
D:2 (   D:5 !

Annotations:
D:4 2 transporters
D:6 1 runed translucent door, qw's ghost, novice NaHu


Message History

You hit the black mamba but do no damage.
The black mamba is severely wounded.
You block the black mamba's attack. The black mamba bites you.
You miss the black mamba.
The black mamba is severely wounded.
The black mamba bites you but does no damage.
The black mamba bites you!
7803 ||| READING 3 scrolls of teleportation.
As you read the scroll of teleportation, it crumbles to dust.
You feel strangely unstable.
The black mamba bites you but does no damage. x2
7804 ||| DRINKING potion of heal wounds.
You feel much better.
The black mamba bites you but does no damage.
The black mamba closely misses you.
You hit the black mamba.
The black mamba is almost dead.
Your surroundings suddenly seem different.
A cane toad comes into view.
Found an escape hatch in the floor.
You slash the cane toad!
The cane toad is moderately wounded.
The cane toad closely misses you.
You barely miss the cane toad.
The cane toad is moderately wounded.
The cane toad stings you but does no damage.
You closely miss the cane toad.
The cane toad is moderately wounded.
The cane toad stings you. You block the cane toad's attack.
You slash the cane toad!
The cane toad is severely wounded.
The cane toad stings you.
You barely miss the cane toad.
The cane toad is severely wounded.
The cane toad stings you!
7811 ||| READING 2 scrolls of teleportation.
As you read the scroll of teleportation, it crumbles to dust.
You feel strangely unstable. The cane toad stings you!
You die...

......
......
#..##.....
####
##.#........
.#
.#.........
.#
#..........
.#
#..........
..
#.......>..
7..
#..F.......
7##
#..@.......
#..........
#...........
##..........
#..........
#P..#######
###.# ###


You could see a cane toad.

Vanquished Creatures
  A hornet (D:8)
  5 yaks (D:7)
  A shadow (D:8)
  2 water moccasins (D:7)
  2 orc warriors
  An ice beast (D:7)
  3 sky beasts (D:6)
  3 black bears
  4 ogres
  3 centaurs
  5 phantoms
  2 kobold brigands
  3 bullfrogs
  4 scorpions
  11 wights
  A howler monkey (D:6)
  2 jellies
  2 gnoll boudas
  4 hounds
  3 orc priests
  9 orc wizards
  A sleepcap (D:5)
  7 iguanas
  19 gnolls
  12 adders
  A shadow imp (D:7)
  A white imp (D:7)
  2 ufetubi (D:4)
  5 worms
  2 dart slugs
  47 orcs
  3 bats
  6 endoplasms
  3 giant cockroaches
  7 goblins
  5 hobgoblins
  2 jackals (D:2)
  10 kobolds
  2 quokkas (D:1)
  5 ball pythons
  4 frilled lizards
  7 hobgoblin zombies (Ossuary)
  A jackal zombie (D:5)
  3 kobold zombies (Ossuary)
  10 orc zombies (Ossuary)
  5 rats
  A rat zombie (D:5)
242 creatures vanquished.

Vanquished Creatures (others)
  An orc wizard (D:7)
1 creature vanquished.

Grand Total: 243 creatures vanquished

Notes
Turn   | Place    | Note
-------+----------+-------------------------------------------
     0 | D:1      | qw the Gargoyle Fighter began the quest for the Orb.
     0 | D:1      | Reached XP level 1. HP: 14/14 MP: 1/1
     0 | D:1      | 0 ||| qw: Version: 0.2-a-29-g1fa15c8
     0 | D:1      | 0 ||| qw: Game counter: 5143
     0 | D:1      | 0 ||| qw: Always use a shield: true
     0 | D:1      | 0 ||| qw: God list: Okawaru
     0 | D:1      | 0 ||| qw: Allow faded altars: false
     0 | D:1      | 0 ||| qw: Do Orc after D:15 true
     0 | D:1      | 0 ||| qw: Do second Lair branch before Depths: true
     0 | D:1      | 0 ||| qw: Lair rune preference: random
     0 | D:1      | 0 ||| qw: Plans: Normal, Zot:1-4, Slime:5, God:TSO, Crypt,
                  | Tomb, Abyss, Pan, Hells, Win
     0 | D:1      | 0 ||| PLANNING D:1-11
    20 | D:1      | Reached skill level 2 in Axes
   128 | D:1      | 128 ||| Stepping ~*~*~tactically~*~*~ (hiding).
   176 | D:1      | Reached XP level 2. HP: 19/19 MP: 2/2
   729 | D:1      | 729 ||| DROPPING +0 leather armour of poison resistance.
   730 | D:1      | 730 ||| UPGRADING to +0 pair of gloves.
   735 | D:1      | 735 ||| UPGRADING to +1 pair of gloves.
   745 | D:1      | 745 ||| DROPPING +0 pair of gloves.
   746 | D:1      | 746 ||| READING scroll labelled WAISAK DIKAU.
   750 | D:1      | 750 ||| READING 2 scrolls labelled PACAYRCH MULA.
   751 | D:1      | 751 ||| READING scroll of enchant armour.
   751 | D:1      | 751 ||| ENCHANTING +1 pair of gloves.
   752 | D:1      | 752 ||| READING 4 scrolls labelled ACSAQO LITAY.
   753 | D:1      | 753 ||| READING scroll labelled WOSUNY RUJA.
   754 | D:1      | 754 ||| READING scroll labelled WICELARIPA.
   755 | D:1      | 755 ||| DROPPING 3 scrolls of noise.
   795 | D:2      | 795 ||| STAIRDANCE
   841 | D:2      | Reached skill level 3 in Axes
   841 | D:2      | Reached XP level 3. HP: 23/23 MP: 3/3
   852 | D:2      | 852 ||| Stepping ~*~*~tactically~*~*~ (stealth).
   942 | D:2      | Found Zuf Cot's Antique Weapon Shoppe.
   999 | D:2      | 999 ||| DROPPING +0 club.
  1044 | D:2      | Reached XP level 4. HP: 27/28 MP: 4/4
  1103 | D:2      | Found a faded altar of an unknown god.
  1177 | D:2      | 1177 ||| Stepping ~*~*~tactically~*~*~ (stealth).
  1180 | D:2      | Reached skill level 4 in Axes
  1278 | D:2      | 1278 ||| UPGRADING to +0 pair of boots.
  1283 | D:2      | 1283 ||| DRINKING 3 silvery potions.
  1284 | D:2      | 1284 ||| DRINKING 2 green potions.
  1285 | D:2      | 1285 ||| DROPPING potion of enlightenment.
  1310 | D:3      | 1310 ||| Stepping ~*~*~tactically~*~*~ (stealth).
  1497 | D:3      | 1497 ||| Stepping ~*~*~tactically~*~*~ (hiding).
  1522 | D:3      | 1522 ||| Stepping ~*~*~tactically~*~*~ (stealth).
  1655 | D:3      | 1655 ||| Stepping ~*~*~tactically~*~*~ (hiding).
  1847 | D:3      | Identified the +6 whip "Gozeq" {antimagic, Will+}
  2314 | D:3      | 2314 ||| UPGRADING to +0 cloak.
  2319 | D:3      | 2319 ||| READING scroll labelled SOF PEIMAFOOGE.
  2320 | D:3      | 2320 ||| READING 2 scrolls labelled UMEJOCHESO.
  2321 | D:3      | 2321 ||| READING scroll labelled OCUIM OVAKHUIM.
  2322 | D:3      | 2322 ||| DRINKING 2 murky clear potions.
  2323 | D:3      | 2323 ||| DRINKING 2 fuming ruby potions.
  2324 | D:3      | 2324 ||| READING 2 scrolls of identify.
  2324 | D:3      | 2324 ||| IDENTIFYING pink potion
  2325 | D:3      | 2325 ||| DROPPING potion of degeneration.
  2326 | D:3      | 2326 ||| DROPPING scroll of fog.
  2445 | D:4      | 2445 ||| Stepping ~*~*~tactically~*~*~ (stealth).
  2479 | D:4      | Reached XP level 5. HP: 32/32 MP: 5/5
  2479 | D:4      | Found a transporter.
  2492 | D:4      | Found a transporter.
  2539 | D:4      | 2539 ||| READING scroll labelled XEAPLU JOTACW.
  2544 | D:4      | Noticed an ogre
  2547 | D:4      | 2547 ||| Stepping ~*~*~tactically~*~*~ (stealth).
  2556 | D:4      | Killed an ogre
  2557 | D:4      | Reached skill level 5 in Axes
  2557 | D:4      | Reached XP level 6. HP: 21/37 MP: 6/6
  2692 | D:4      | 2692 ||| Stepping ~*~*~tactically~*~*~ (hiding).
  2713 | D:4      | 2713 ||| Stepping ~*~*~tactically~*~*~ (stealth).
  2742 | D:4      | 2742 ||| Stepping ~*~*~tactically~*~*~ (stealth).
  2746 | D:4      | 2746 ||| Stepping ~*~*~tactically~*~*~ (stealth).
  2752 | D:4      | 2752 ||| Stepping ~*~*~tactically~*~*~ (stealth).
  2766 | D:4      | Reached skill level 1 in Dodging
  2791 | D:4      | Reached XP level 7. HP: 33/44 MP: 7/7
  2791 | D:4      | 2791 ||| FLEEEEING.
  2794 | D:4      | 2794 ||| STAIRDANCE
  2828 | D:3      | 2828 ||| DROPPING +0 whip.
  2829 | D:3      | 2829 ||| DROPPING +6 whip "Gozeq" {antimagic, Will+}.
  2833 | D:4      | 2833 ||| Stepping ~*~*~tactically~*~*~ (hiding).
  2834 | D:4      | 2834 ||| Stepping ~*~*~tactically~*~*~ (hiding).
  2868 | D:4      | Reached skill level 6 in Axes
  2975 | D:4      | 2975 ||| Stepping ~*~*~tactically~*~*~ (stealth).
  3024 | D:4      | 3024 ||| Stepping ~*~*~tactically~*~*~ (hiding).
  3078 | D:4      | 3078 ||| Stepping ~*~*~tactically~*~*~ (stealth).
  3086 | D:4      | 3086 ||| Stepping ~*~*~tactically~*~*~ (hiding).
  3261 | D:4      | 3261 ||| READING 3 scrolls of identify.
  3261 | D:4      | 3261 ||| IDENTIFYING emerald potion
  3262 | D:4      | 3262 ||| READING 2 scrolls of identify.
  3262 | D:4      | 3262 ||| IDENTIFYING ruby potion
  3279 | D:5      | Entered Level 5 of the Dungeon
  3280 | D:5      | 3280 ||| PLANNING OSSUARY
  3423 | D:5      | Found a sand-covered staircase.
  3431 | D:5      | 3431 ||| READING 4 scrolls labelled SESHUCZ BI PUH.
  3432 | D:5      | 3432 ||| READING 3 scrolls of identify.
  3432 | D:5      | 3432 ||| IDENTIFYING orange potion
  3433 | D:5      | 3433 ||| READING 2 scrolls of identify.
  3433 | D:5      | 3433 ||| IDENTIFYING grey potion
  3434 | D:5      | 3434 ||| DROPPING 3 scrolls of blinking.
  3435 | D:5      | 3435 ||| DROPPING potion of invisibility.
  3436 | D:5      | 3436 ||| DROPPING potion of brilliance.
  3445 | Ossuary  | Entered an ossuary
  3605 | D:5      | 3605 ||| PLANNING D:1-11
  3617 | D:5      | Found Fybloas's Distillery.
  3624 | D:5      | 3624 ||| BUYING potion of attraction (42 gold).
  3624 | D:5      | Bought a potion of attraction for 42 gold pieces
  3624 | D:5      | 3624 ||| BUYING potion of curing (42 gold).
  3624 | D:5      | Bought a potion of curing for 42 gold pieces
  3624 | D:5      | 3624 ||| SHOPLISTING potion of haste (140 gold, have 136).
  3660 | D:5      | 3660 ||| READING scroll of enchant armour.
  3660 | D:5      | 3660 ||| ENCHANTING +0 pair of boots.
  3791 | D:5      | Reached skill level 7 in Axes
  3909 | D:5      | Reached XP level 8. HP: 29/49 MP: 8/8
  4096 | D:5      | 4096 ||| DROPPING +1 pair of boots.
  4097 | D:5      | 4097 ||| READING scroll labelled HASAARR MAUD.
  4131 | D:6      | HP: 7/49 [wight/+3 falchion of freezing (6)]
  4132 | D:6      | 4132 ||| READING 3 scrolls of teleportation.
  4133 | D:6      | 4133 ||| DRINKING 3 potions of heal wounds.
  4134 | D:6      | 4134 ||| DRINKING 2 potions of heal wounds.
  4137 | D:6      | 4137 ||| Stepping ~*~*~tactically~*~*~ (stealth).
  4198 | D:6      | Reached skill level 8 in Axes
  4329 | D:6      | Reached skill level 6 in Fighting
  4370 | D:6      | 4370 ||| Stepping ~*~*~tactically~*~*~ (stealth).
  4454 | D:6      | 4454 ||| Stepping ~*~*~tactically~*~*~ (stealth).
  4462 | D:6      | Reached XP level 9. HP: 40/55 MP: 9/9
  4529 | D:6      | Reached skill level 9 in Axes
  4710 | D:6      | Found a white marble altar of Elyvilon.
  4714 | D:6      | 4714 ||| READING scroll of enchant weapon.
  4714 | D:6      | 4714 ||| ENCHANTING +1 war axe.
  4717 | D:6      | Found a shadowy altar of Dithmenos.
  4721 | D:6      | Found a basalt altar of Yredelemnul.
  4785 | D:6      | 4785 ||| Stepping ~*~*~tactically~*~*~ (stealth).
  4790 | D:6      | Found a runed translucent door.
  4919 | D:6      | Found a glowing silver altar of Zin.
  4984 | D:6      | 4984 ||| FLEEEEING.
  4985 | D:6      | 4985 ||| FLEEEEING.
  4990 | D:6      | 4990 ||| FLEEEEING.
  4991 | D:6      | 4991 ||| FLEEEEING.
  4995 | D:6      | 4995 ||| FLEEEEING.
  4996 | D:6      | 4996 ||| FLEEEEING.
  4997 | D:6      | 4997 ||| FLEEEEING.
  4998 | D:6      | 4998 ||| FLEEEEING.
  4999 | D:6      | 4999 ||| FLEEEEING.
  5000 | D:6      | 5000 ||| FLEEEEING.
  5001 | D:6      | 5001 ||| FLEEEEING.
  5002 | D:6      | 5002 ||| FLEEEEING.
  5003 | D:6      | 5003 ||| FLEEEEING.
  5004 | D:6      | 5004 ||| FLEEEEING.
  5005 | D:6      | 5005 ||| FLEEEEING.
  5006 | D:6      | 5006 ||| FLEEEEING.
  5007 | D:6      | 5007 ||| FLEEEEING.
  5008 | D:6      | 5008 ||| FLEEEEING.
  5008 | D:6      | Identified the +0 robe of Kefasan {Int+2}
  5009 | D:6      | 5009 ||| Stepping ~*~*~tactically~*~*~ (stealth).
  5170 | D:6      | 5170 ||| Stepping ~*~*~tactically~*~*~ (stealth).
  5198 | D:6      | 5198 ||| Stepping ~*~*~tactically~*~*~ (stealth).
  5315 | D:6      | 5315 ||| Stepping ~*~*~tactically~*~*~ (stealth).
  5428 | D:6      | Noticed qw's ghost (novice NaHu)
  5430 | D:6      | 5430 ||| UPGRADING to +0 plate armour.
  5440 | D:6      | 5440 ||| DROPPING +0 scale mail.
  5441 | D:6      | 5441 ||| DROPPING scarf of invisibility.
  5492 | D:7      | Found a staircase to the Ecumenical Temple.
  5493 | D:7      | 5493 ||| PLANNING TEMPLE
  5535 | Temple   | Entered the Ecumenical Temple
  5536 | Temple   | 5536 ||| PLANNING OKAWARU WORSHIP
  5551 | Temple   | Became a worshipper of Warmaster Okawaru
  5552 | Temple   | 5552 ||| PLANNING D:1-11
  5569 | D:7      | 5569 ||| Stepping ~*~*~tactically~*~*~ (stealth).
  5571 | D:7      | 5571 ||| Stepping ~*~*~tactically~*~*~ (hiding).
  5726 | D:7      | Reached skill level 6 in Armour
  5779 | D:7      | 5779 ||| Stepping ~*~*~tactically~*~*~ (stealth).
  5789 | D:7      | Reached skill level 10 in Axes
  5825 | D:7      | Reached XP level 10. HP: 56/63 MP: 10/10
  5932 | D:7      | Reached * piety under Okawaru
  5936 | D:7      | 5936 ||| INVOKING Heroism.
  5940 | D:7      | Reached skill level 1 in Invocations
  6091 | D:7      | 6091 ||| INVOKING Heroism.
  6379 | D:7      | 6379 ||| Stepping ~*~*~tactically~*~*~ (stealth).
  6380 | D:7      | 6380 ||| Stepping ~*~*~tactically~*~*~ (stealth).
  6382 | D:7      | 6382 ||| Stepping ~*~*~tactically~*~*~ (stealth).
  6384 | D:7      | 6384 ||| INVOKING Heroism.
  6432 | D:7      | 6432 ||| UPGRADING to amulet of reflection.
  6437 | D:7      | 6437 ||| READING 5 scrolls of identify.
  6437 | D:7      | 6437 ||| IDENTIFYING lumpy emerald potion
  6488 | D:8      | Reached skill level 3 in Invocations
  6488 | D:8      | 6488 ||| INVOKING Heroism.
  6734 | D:8      | Found a staircase to the Lair.
  6769 | D:8      | Found an opulent altar of Gozag.
  7093 | D:8      | 7093 ||| Stepping ~*~*~tactically~*~*~ (stealth).
  7214 | D:8      | 7214 ||| INVOKING Heroism.
  7734 | D:8      | 7734 ||| PLANNING LAIR
  7734 | D:8      | 7734 ||| READING 4 scrolls of identify.
  7734 | D:8      | 7734 ||| IDENTIFYING lumpy clear potion
  7772 | Lair:1   | Entered Level 1 of the Lair of Beasts
  7777 | Lair:1   | Noticed a black mamba
  7802 | Lair:1   | HP: 8/64 [black mamba (9)]
  7803 | Lair:1   | 7803 ||| READING 3 scrolls of teleportation.
  7804 | Lair:1   | 7804 ||| DRINKING potion of heal wounds.
  7805 | Lair:1   | Noticed a cane toad
  7810 | Lair:1   | HP: 13/64 [cane toad (15)]
  7811 | Lair:1   | 7811 ||| READING 2 scrolls of teleportation.
  7811 | Lair:1   | Slain by a cane toad

Levels and vault maps discovered:
D:1:      amcnicky_arrival_double_pillar, layout_loops_ring
D:2:      layout_rooms, serial_shops, shop, chequers_ecumenical_altar_simple
D:3:      layout_basic
D:4:      gammafunk_wand_slinger, layout_basic, saegor_snake_ambush
D:5:      layout_layer_cave, enter_ossuary_3, serial_shops, shop,
          hangedman_decor_diamond_cutter
D:6:      minmay_octagon_keep, layout_cave_pools, zin_statuary,
          grunt_temple_overflow_diamond, ebering_ghost_reflecting_pool,
          grunt_ministairs_11, nicolae_kite_square_tiling_tiny,
          uniq_crazy_yiuf_cottage
D:7:      layout_loops_ring, minmay_temple_entry_hall, hex_tiny, fountainhead,
          st_stairs_8, kennysheep_decorative_pillar
D:8:      layout_basic, grunt_gozag_statues, dpeg_oklobed_lair,
          serial_corexii_hall, corexii_hall_statues_i,
          corexii_hall_statues_deadend, minmay_crossroads
Temple:   minmay_freezing_vapour_temple
Lair:1:   layout_cave_pods, grunt_megastairs_4

Skill      XL: |  1  2  3  4  5  6  7  8  9 10 |
---------------+-------------------------------+-----
Axes           | 2 3 4 5 7 8 10 | 10.5
Fighting       | 4 5 6 7 8 |  8.0
Dodging        | 1 |  1.4
Throwing       | 2 |  2.0
Shields        | 4 5 |  5.0
Armour         | 6 7 |  7.3
Invocations    | 3 |  3.7

Action                     |  1- 3 |  4- 6 |  7- 9 | 10-12 || total
---------------------------+-------+-------+-------+-------++-------
  Melee: War axe           |    76 |   160 |   359 |   147 ||   742
  Throw: Boomerang         |       |       |    65 |    31 ||    96
 Invoke: Heroism           |       |       |       |     5 ||     5
    Use: Scroll            |     6 |     5 |     9 |     4 ||    24
         Potion            |       |     4 |     2 |     1 ||     7
 Armour: Scale mail        |    40 |    90 |   182 |       ||   312
         Plate armour      |       |       |    49 |   107 ||   156
  Dodge: Dodged            |    27 |    92 |   183 |    50 ||   352
  Block: Buckler           |    14 |    31 |    67 |    61 ||   173

Table legend:
 A = Non-vault XP
 B = Vault XP
 C = Vault XP percentage of total XP
 D = Non-vault monster count
 E = Vault monster count
 F = Vault count percentage of total count
                 A         B        C        D         E       F
            +---------+---------+-------+---------+---------+-------
      Total |    6719 |    1144 |  14.5 |     199 |      44 |  18.1
            +---------+---------+-------+---------+---------+-------
        D:1 |      24 |       0 |   0.0 |      14 |       0 |   0.0
        D:2 |      81 |       0 |   0.0 |      22 |       0 |   0.0
        D:3 |      42 |       0 |   0.0 |      20 |       0 |   0.0
        D:4 |     723 |       2 |   0.3 |      40 |       2 |   4.8
        D:5 |     354 |       2 |   0.6 |       8 |       2 |  20.0
        D:6 |    1796 |     903 |  33.5 |      34 |      17 |  33.3
        D:7 |    2522 |      43 |   1.7 |      41 |       1 |   2.4
        D:8 |    1177 |     174 |  12.9 |      20 |       2 |   9.1
    Ossuary |       0 |      20 | 100.0 |       0 |      20 | 100.0
            +---------+---------+-------+---------+---------+-------
